 Dungeon Crawl Stone Soup version 0.27.1-33-g824d729ab1 (webtiles) character file.

Game seed: 17629182893423018829

3969 MisterFreud the Carver (level 10, -1/88 HPs)
             Began as a Minotaur Abyssal Knight on Dec 23, 2021.
             Was an Elder of Lugonu.
             Blown up by Maurice (16 damage)
             ... with a mindburst bolt
             ... on level 8 of the Dungeon.
             The game lasted 00:11:47 (7620 turns).

MisterFreud the Carver (Minotaur Abyssal Knight)    Turns: 7620, Time: 00:11:48

Health: -1/88      AC: 15    Str: 18    XL:     10   Next: 2%
Magic:  12/13      EV: 12    Int:  9    God:    Lugonu [****..]
Gold:   397        SH: 10    Dex: 12    Spells: 9/9 levels left

rFire    . . .     SeeInvis .   a - +1 falchion
rCold    . . .     Faith    .   r - +0 buckler
rNeg     . . .     Spirit   .   k - +0 chain mail
rPois    .         Reflect  +   (helmet restricted)
rElec    .         Harm     .   n - +1 cloak
rCorr    .         Rampage  .   F - +0 pair of gloves
Will     .....                  (no boots)
Stlth    ..........             p - amulet of reflection
HPRegen  0.24/turn              s - +4 ring of evasion
MPRegen  0.13/turn              c - ring of wizardry

@: no status effects
A: horns 2, retaliatory headbutt
a: Renounce Religion, Depart the Abyss, Bend Space, Banish, Corrupt


You were on level 8 of the Dungeon.
You worshipped Lugonu.
Lugonu was greatly pleased with you.
You visited 1 branch of the dungeon, and saw 8 of its levels.
You visited the Abyss 1 time.

You collected 397 gold pieces.

Inventory:

Hand Weapons
 a - a +1 falchion (weapon)
Missiles
 e - 9 poisoned darts (quivered)
 A - a curare-tipped dart
 B - 4 boomerangs
Armour
 b - a +0 leather armour
 i - a +0 scale mail
 k - a +0 chain mail (worn)
 n - a +1 cloak (worn)
 r - a +0 buckler (worn)
 F - a +0 pair of gloves (worn)
Jewellery
 c - a ring of wizardry (right hand)
 p - an amulet of reflection (around neck)
 s - a +4 ring of evasion (left hand)
 D - a ring of ice
Wands
 E - a wand of flame (4)
Scrolls
 d - a scroll of enchant armour
 g - 2 scrolls of fear
 h - a scroll of immolation
 o - 2 scrolls of magic mapping
 q - a scroll of enchant weapon
 u - 2 scrolls of teleportation
 y - a scroll of amnesia
Potions
 j - 2 potions of curing
 l - 2 potions of flight
 m - a potion of might
 t - a potion of attraction
 x - a potion of haste {unknown}
 z - a potion of magic {unknown}
 C - a potion of brilliance {unknown}


   Skills:
 - Level 8.0 Fighting
 + Level 10.3 Long Blades
 - Level 9.0 Armour
 - Level 1.1 Dodging
 - Level 4.0 Shields
 + Level 6.4 Invocations


You had 9 spell levels left.
You didn't know any spells.
Your spell library contained the following spells:

 Spells                   Type           Power      Damage    Failure   Level
 Shock                    Conj/Air       0%         1d3       78%         1
 Sting                    Tmut/Pois      0%         1d3       78%         1
 Poisonous Vapours        Pois/Air       0%         N/A       89%         2
 Sublimation of Blood     Necr           0%         N/A       89%         2
 Wereblood                Tmut           0%         N/A       89%         2
 Swiftness                Air            0%         N/A       98%         3
 Airstrike                Air            0%         N/A       100%        4
 Olgreb's Toxic Radiance  Pois           0%         N/A       100%        4
 Summon Hydra             Summ           0%         N/A       100%        7


Dungeon Overview and Level Annotations

Branches:
Dungeon (8/15)             Temple (0/1) D:6
   Lair: D:8-11

Altars:
Ashenzari
Nemelex Xobeh

Annotations:
D:4 2 transporters, othur's ghost, amateur DECj
D:8 Grum; Joseph; Maurice
Abyss:1 Maggie


Innate Abilities, Weirdness & Mutations

You have a pair of horns on your head.
You reflexively headbutt those who attack you in melee.


Message History

You closely miss something. Your headbutt misses something. You hit something.
Something hits you.
* * * LOW HITPOINT WARNING * * *
Something steals 2 of your 4 scrolls of teleportation!
You hit something. Something hits you.
* * * LOW HITPOINT WARNING * * *
Something steals your ring of wizardry!
You feel much better. Something hits you but does no damage.
You miss something. Something hits you but does no damage.
You hit something. You headbutt something! You hit something.
Something hits you!
Something steals your potion of berserk rage!
You closely miss something. You headbutt something.
You hear some strange, mumbled words.
A poisoned dart appears from out of thin air!
The poisoned dart hits you!
You are poisoned.
You feel sick.
You feel sick.
You feel sick.
You feel sick.
You hear a zap.
Your mind is blasted!
* * * LOW HITPOINT WARNING * * *
You see here a water moccasin corpse.
You feel sick.
A poisoned dart appears from out of thin air!
You reflect the poisoned dart off an invisible shield around you!
Items here: ( ) [ †.
You feel sick.
A poisoned dart appears from out of thin air!
The poisoned dart hits you!
You are more poisoned.
You see here a water moccasin corpse.
* * * LOW HITPOINT WARNING * * *
You feel very sick.
You feel better.
You hear a zap.
Your mind is blasted!
You die...

#........########
#........#....>..
#........#.......
#........#.......
#........#.......
############........#......
.......................#
..#########..###.###...#
#.# ....## #@##./#.# ....
....######†#..##.#
##......#.(..!..)[.....#
..#### .#.............# .##
#................# #.#
##...............# ..# ##..
?..............# .# ...
...............# )##.#
...............#


There were no monsters in sight!

Vanquished Creatures
  Pikel (D:7)
  Prince Ribbit (D:6)
  A steam dragon (D:5)
  Menkaure (D:6)
  4 water moccasins
  Duvessa (D:7)
  2 black bears
  An orc warrior (D:7)
  2 sky beasts
  2 ogres
  A necrophage (D:6)
  2 wolves (D:7)
  2 centaurs
  A lemure (D:7)
  3 kobold brigands
  Blork the orc (D:6)
  4 scorpions (D:4)
  A gnoll sergeant (D:4)
  Dowan (D:7)
  2 killer bees (D:7)
  A centaur zombie (D:5)
  A hound (D:5)
  2 jellies
  3 orc priests
  2 centaur skeletons
  An iguana (D:4)
  3 orc wizards
  A killer bee zombie (D:5)
  A howler monkey skeleton (D:6)
  3 gnolls (D:4)
  3 adders
  A white imp (D:5)
  An ufetubus (D:4)
  4 worms
  3 dart slugs (D:2)
  25 orcs
  6 ball pythons
  6 bats
  8 endoplasms
  4 giant cockroaches
  6 goblins
  A hobgoblin (D:2)
  13 jackals
  2 quokkas (D:4)
  2 frilled lizards (D:3)
  18 kobolds
  3 rats
158 creatures vanquished.

Notes
Turn   | Place    | Note
-------+----------+-------------------------------------------
     0 | Abyss:1  | MisterFreud the Minotaur Abyssal Knight began the quest for
                  | the Orb.
     0 | Abyss:1  | Reached XP level 1. HP: 19/19 MP: 1/1
    12 | D:1      | Escaped the Abyss
   235 | D:1      | Found a faded altar of an unknown god.
   320 | D:1      | Reached XP level 2. HP: 27/28 MP: 2/2
   868 | D:2      | Reached XP level 3. HP: 35/35 MP: 3/3
   873 | D:2      | Reached skill level 5 in Fighting
   922 | D:2      | Reached ** piety under Lugonu
  1002 | D:2      | Found a broken altar of Ashenzari.
  1397 | D:2      | Reached XP level 4. HP: 36/42 MP: 4/4
  1928 | D:3      | Noticed a water moccasin
  1946 | D:3      | Killed a water moccasin
  1947 | D:3      | Reached XP level 5. HP: 16/52 MP: 5/5
  2116 | D:3      | Reached XP level 6. HP: 48/60 MP: 6/6
  2613 | D:4      | Reached skill level 5 in Armour
  2627 | D:4      | Found a transporter.
  2628 | D:4      | Found a transporter.
  2628 | D:4      | Noticed a steam dragon
  2628 | D:4      | Noticed othur's ghost (amateur DECj)
  2644 | D:4      | Reached skill level 3 in Long Blades
  2646 | D:4      | Reached *** piety under Lugonu
  2772 | D:4      | Reached XP level 7. HP: 21/68 MP: 7/7
  2782 | D:5      | Entered Level 5 of the Dungeon
  2791 | D:4      | HP: 3/68 [poisoned by a gnoll sergeant]
  2793 | D:4      | HP: 1/68 [poisoned by a gnoll sergeant]
  3132 | D:4      | Reached skill level 4 in Long Blades
  3324 | D:4      | Reached skill level 5 in Long Blades
  3834 | D:5      | Noticed a steam dragon
  3852 | D:5      | Killed a steam dragon
  3857 | D:5      | HP: 1/68 [white imp/puff of frost (7)]
  4106 | D:5      | Reached skill level 6 in Long Blades
  4650 | D:5      | Reached XP level 8. HP: 74/74 MP: 7/9
  4773 | D:5      | Found a sparkling altar of Nemelex Xobeh.
  4826 | D:5      | Found a broken altar of Ashenzari.
  5105 | D:6      | Reached skill level 5 in Invocations
  5207 | D:6      | Found a staircase to the Ecumenical Temple.
  5207 | D:6      | Noticed Prince Ribbit
  5235 | D:6      | Killed Prince Ribbit
  5236 | D:6      | Reached skill level 7 in Long Blades
  5413 | D:6      | Noticed Blork the orc
  5421 | D:6      | Killed Blork the orc
  5421 | D:6      | Reached **** piety under Lugonu
  5422 | D:6      | Reached skill level 8 in Long Blades
  5687 | D:6      | Noticed Menkaure
  5698 | D:6      | Killed Menkaure
  5699 | D:6      | Reached XP level 9. HP: 22/81 MP: 12/12
  6041 | D:6      | Reached skill level 9 in Long Blades
  6403 | D:7      | Noticed Pikel
  6420 | D:7      | Killed Pikel
  6421 | D:7      | Reached skill level 10 in Long Blades
  6986 | D:7      | Noticed Duvessa
  6987 | D:7      | Noticed Dowan
  6999 | D:7      | Killed Duvessa
  7005 | D:7      | Killed Dowan
  7319 | D:8      | Noticed Joseph
  7326 | D:8      | Noticed Grum
  7580 | D:8      | Noticed Maggie
  7581 | D:8      | Noticed Maurice
  7583 | D:8      | Banished Maggie
  7600 | D:8      | Reached XP level 10. HP: 42/88 MP: 9/13
  7620 | D:8      | Blown up by Maurice

Illustrated notes

Levels and vault maps discovered:
D:1:      amcnicky_arrival_feature_with_door, layout_rooms,
          shapermc_ecumenical_altar_mp_urbaneastern, hangedman_feature_mirror,
          minmay_pentomino_u2
D:2:      layout_basic, basic_altar, minmay_bisected
D:3:      layout_rooms, amethyst_killhole
D:4:      layout_loops_ring, gammafunk_ghost_arena, minivault_24,
          minmay_door_square
D:5:      layout_basic, evilmike_ruin_ashenzari, nemelex_spade_bored_becter
D:6:      layout_loops_ring, minmay_temple_entry_arrows, minmay_misc_feat_tiny,
          uniq_prince_ribbit1, uniq_menkaure, uniq_blork_the_orc
D:7:      layout_basic, uniq_duvessa, uniq_pikel
D:8:      layout_rooms, david_lair_shrubbed, gup_ossuary_entry_pyramid,
          uniq_grum, uniq_maurice, uniq_maggie, uniq_joseph

Skill      XL: |  1  2  3  4  5  6  7  8  9 |
---------------+----------------------------+-----
Fighting       | 4 5 7 8 |  8.0
Armour         | 3 4 5 9 |  9.0
Long Blades    | 3 6 8 10 | 10.3
Shields        | 4 |  4.0
Invocations    | 3 6 |  6.4
Dodging        | |  1.1

Action                   |  1- 3 |  4- 6 |  7- 9 | 10-12 || total
-------------------------+-------+-------+-------+-------++-------
Melee: Falchion          |   108 |   108 |   322 |    11 ||   549
       Headbutt          |    10 |    22 |    69 |     3 ||   104
Throw: Dart              |       |       |    16 |       ||    16
Invok: Banish            |       |       |     1 |       ||     1
  Use: Scroll            |       |     5 |    11 |       ||    16
       Potion            |       |     1 |     1 |     2 ||     4
Armor: Leather armour    |     7 |       |       |       ||     7
       Scale mail        |     4 |       |       |       ||     4
       Chain mail        |    68 |    60 |   125 |     4 ||   257
Dodge: Dodged            |    45 |    53 |   115 |       ||   213
Block: Other             |       |    25 |     4 |       ||    29
       Buckler           |       |       |   145 |     2 ||   147
       Reflection        |       |       |    11 |     1 ||    12
       Rpst.: Falchion   |    15 |    16 |    28 |       ||    59
